 Dungeon Crawl Stone Soup version 0.26-b1-32-g5d43845318 (webtiles) character file.

Game seed: 6001731786712081829

109 Borgoz the Cudgeller (level 4, 0/38 HPs)
             Began as a Ghoul Gladiator on Jan 13, 2021.
             Was an Initiate of Okawaru.
             Slain by a sky beast (4 damage)
             ... on level 2 of the Dungeon.
             The game lasted 00:01:46 (2035 turns).

Borgoz the Cudgeller (Ghoul Gladiator)              Turns: 2035, Time: 00:01:47

Health: 0/38       AC:  4    Str: 17    XL:     4   Next: 90%
Magic:  3/3        EV: 12    Int:  3    God:    Okawaru [......]
Gold:   104        SH:  0    Dex: 11    Spells: 3/3 levels left

rFire    . . .     SeeInvis .   a - +0 flail
rCold    + . .     Faith    .   (no shield)
rNeg     + + +     Spirit   .   b - +0 leather armour
rPois    ∞         Reflect  .   c - +0 helmet
rElec    .         Harm     .   (no cloak)
rCorr    .         Rampage  .   (no gloves)
Will     .....                  (no boots)
Stlth    +.........             (no amulet)
HPRegen  0.00/turn              (no ring)
MPRegen  0.08/turn              (no ring)

@: no status effects
A: claws 1, cold resistance 1, negative energy resistance 3, inhibited
regeneration, torment resistance, unbreathing
a: Renounce Religion


You were on level 2 of the Dungeon.
You worshipped Okawaru.
Okawaru was noncommittal.
You visited 1 branch of the dungeon, and saw 2 of its levels.

You collected 104 gold pieces.

Inventory:

Hand Weapons
 a - a +0 flail (weapon)
Missiles
 d - a throwing net (quivered)
Armour
 b - a +0 leather armour (worn)
 c - a +0 helmet (worn)
Scrolls
 f - a scroll of teleportation {unknown}
 g - a scroll of fog {unknown}
 i - a scroll of blinking {unknown}
 j - 2 scrolls of identify {unknown}
Potions
 e - a potion of attraction {unknown}
 h - a potion of curing


   Skills:
 + Level 3.0 Fighting
 * Level 3.7 Maces & Flails
 - Level 1.7 Throwing
 + Level 1.5 Armour
 + Level 3.2 Dodging


You had 3 spell levels left.
You didn't know any spells.
Your spell library was empty.

Dungeon Overview and Level Annotations

Branches:
Dungeon (2/15)

Altars:
Makhleb
Okawaru


Innate Abilities, Weirdness & Mutations

You thrive by killing the living.
You are immune to poison.
You have sharp fingernails.
Your flesh is cold resistant. (rC+)
You are immune to negative energy. (rN+++)
You do not regenerate when monsters are visible.
You are immune to unholy pain and torment.
You can survive without breathing.


Message History

The sky beast is heavily wounded.
The sky beast flickers out of sight!
Deactivating autopickup; reactivate with Ctrl-A.
Something wriggles in the net.
All of a sudden the net rips apart!
You miss something. Something hits you. Something shocks you.
You closely miss something. Something hits you but does no damage.
You miss something.
Something hits you but does no damage. x2
You miss something.
A sky beast appears from thin air!
Reactivating autopickup.
The sky beast completely misses you.
You thump the sky beast!
The sky beast is almost dead.
The sky beast hits you.
* * * LOW HITPOINT WARNING * * *
The sky beast shocks you.
* * * LOW HITPOINT WARNING * * *
You closely miss the sky beast.
The sky beast is almost dead.
The sky beast hits you.
You die...

###.#..###### #.........#
##.....<..# #........##.
##### # ##........[.. #...# #
#....(....### #...#
#...##.(###########(..#
#.#####.##............#
##....).........@Y....# .
_###.........####.#...##..
####.........####...........#
#...).......................#
#####.##.............###....#
.####.# ####....##...# ....#
.##...####...#####...# ...#
......[....######....# ###
.....................#


You could see a sky beast.

Vanquished Creatures
  A gnoll (D:2)
  3 adders (D:2)
  An ooze (D:1)
  A worm (D:2)
  3 dart slugs
  2 giant cockroaches (D:1)
  8 goblins
  6 hobgoblins
  12 jackals
  5 kobolds
  4 bats
  3 frilled lizards (D:1)
  8 rats
57 creatures vanquished.

Notes
Turn   | Place    | Note
-------+----------+-------------------------------------------
     0 | D:1      | Borgoz the Ghoul Gladiator began the quest for the Orb.
     0 | D:1      | Reached XP level 1. HP: 17/17 MP: 0/0
   210 | D:1      | Reached XP level 2. HP: 25/25 MP: 1/1
   397 | D:1      | Reached XP level 3. HP: 10/30 MP: 2/2
   815 | D:1      | Reached skill level 1 in Armour
  1439 | D:2      | Reached XP level 4. HP: 26/37 MP: 3/3
  1820 | D:2      | Found a burning altar of Makhleb.
  1877 | D:2      | Found an iron altar of Okawaru.
  1906 | D:2      | Became a worshipper of Warmaster Okawaru
  2007 | D:2      | Noticed a sky beast
  2035 | D:2      | Slain by a sky beast

Illustrated notes

Levels and vault maps discovered:
D:1:      onia_arrival_pentagram, layout_basic
D:2:      layout_rooms, okawaru_altar_gauntlet_db, old_standard_altar,
          wad_floor_pattern_untrapped

Skill      XL: |  1  2  3  4 |
---------------+-------------+-----
Maces & Flails | 3 |  3.7
Dodging        | 3 |  3.2
Armour         | 1 |  1.5
Fighting       | 3 |  3.0
Throwing       | |  1.7

Action                   |  1- 3 |  4- 6 || total
-------------------------+-------+-------++-------
Melee: Flail             |    87 |    85 ||   172
Throw: Throwing net      |     1 |     1 ||     2
  Use: Scroll            |       |     1 ||     1
       Potion            |       |     1 ||     1
 Stab: Held in net/web   |     1 |       ||     1
Armor: Leather armour    |    30 |    42 ||    72
Dodge: Dodged            |    73 |    76 ||   149
